AoeStats
← BautiCrepeer

Arabia

507620018Analyzed
3v3 RM · 15d ago on Sep 19, 2026· 40m 58s· 6 players
Game mode
Random Map
Map size
Normal (6 player)
Population
200
Speed
Normal
Resources
Standard
Victory
Conquest
Starting age
Dark Age
Ending age
Imperial Age
RankedLock teamsTeams togetherTeam positionsShared explorationLock speedFull tech treeHidden civsTurbo modeCheats
Victory
Defeat
🇨🇱 Persians · Chile
1429
+16
🇩🇴 Britons · Dominican Republic
1377
+18
1318
+20
🇦🇷 Byzantines · Argentina
1443
-19
🇦🇷 Berbers · Argentina
1411
-18
🇦🇷 Burmese · Argentina
1388
-17
Caconero
4:15 Loom
7:44 Loom
10:35 Feudal Age
10:38 Man-at-Arms
11:54 Gold Mining
11:51 Horse Collar
21:20 Castle Age
22:58 Gold Shaft Mining
22:23 Stone Mining
23:52 Gold Shaft Mining
23:59 Pikeman
25:57 Husbandry
26:08 Bloodlines
26:41 Forging
27:26 Fletching
28:18 Scale Barding Armor
30:55 Padded Archer Armor
31:48 Bodkin Arrow
34:40 Town Watch
40:01 Wheelbarrow
40:06 Chain Barding Armor
InaHolmes
7:27 Loom
10:53 Feudal Age
11:21 Double-Bit Axe
17:54 Fletching
21:23 Horse Collar
23:08 Wheelbarrow
25:35 Castle Age
24:03 Padded Archer Armor
25:54 Gold Mining
25:51 Crossbowman
26:27 Bodkin Arrow
27:29 Bow Saw
28:26 Guard Tower
32:04 Ballistics
31:56 Heavy Plow
35:01 Gold Shaft Mining
38:42 Hand Cart
BautiCrepeer
5:48 Loom
8:51 Feudal Age
13:47 Double-Bit Axe
18:40 Scale Barding Armor
18:58 Forging
23:43 Castle Age
22:59 Bloodlines
33:27 Gold Mining
34:26 Horse Collar
37:30 Chain Barding Armor
39:29 Gold Shaft Mining
39:42 Iron Casting
40:34 Wheelbarrow
yinyangwar
9:08 Feudal Age
7:36 Loom
9:44 Double-Bit Axe
9:43 Horse Collar
17:06 Forging
20:20 Castle Age
18:54 Bloodlines
18:56 Gold Mining
20:12 Scale Barding Armor
21:25 Iron Casting
20:19 Light Cavalry
26:15 Wheelbarrow
28:14 Hand Cart
28:11 Husbandry
28:47 Town Watch
29:44 Chain Barding Armor
34:50 Bow Saw
34:41 Heavy Plow
37:39 Gold Shaft Mining
43:58 Imperial Age
Malcolm Little
6:09 Loom
9:03 Feudal Age
9:38 Double-Bit Axe
16:06 Fletching
16:57 Padded Archer Armor
18:06 Horse Collar
18:18 Gold Mining
23:44 Castle Age
23:42 Wheelbarrow
24:38 Crossbowman
25:14 Bodkin Arrow
25:33 Bodkin Arrow
26:59 Leather Archer Armor
27:57 Ballistics
28:51 Wheelbarrow
30:36 Town Watch
38:15 Bow Saw
40:58 Imperial Age
40:00 Hand Cart
[zWq]Ferdinand Von Lindemann
7:28 Loom
7:49 Double-Bit Axe
10:04 Feudal Age
11:22 Horse Collar
23:03 Castle Age
21:16 Gold Mining
22:04 Scale Barding Armor
22:50 Gold Shaft Mining
22:31 Bow Saw
23:04 Cavalier
26:21 Wheelbarrow
27:03 Stone Mining
27:30 Husbandry
31:39 Chain Barding Armor
32:26 Forging
33:48 Hand Cart
36:00 Gold Shaft Mining
Connection lost

Rejoining the realm…

Still unreachable

The connection could not be restored.

Session expired

The server has moved on; the page needs a fresh start.